 Dungeon Crawl Stone Soup version 0.21.0-30-g47ce8e4 (webtiles) character file.

4645 tidbits the Martial Artist (level 10, -6/76 HPs)
             Began as a Gnoll Transmuter on Jan 29, 2018.
             Was a Follower of Cheibriados.
             Incinerated by tidbits's ghost (8 damage)
             ... with a sticky flame
             ... on level 11 of the Dungeon.
             The game lasted 00:19:54 (1912 turns).

tidbits the Martial Artist (Gnoll Transmuter)       Turns: 1912, Time: 00:19:56

Health: -6/76      AC: 14    Str: 21    XL:     10   Next: 43%
Magic:  20/20      EV: 19    Int: 15    God:    Cheibriados [*.....]
Gold:   346        SH:  0    Dex: 21    Spells: 14/23 levels left

rFire    . . .     SeeInvis .   a - +1 whip (elec)
rCold    . . .     Gourm    .   (no shield)
rNeg     . . .     Faith    .   B - +3 leather armour of Ikaimaqut {Str+5 Int-5 Dex+3}
rPois    .         Spirit   .   (helmet restricted)
rElec    .         Reflect  .   (no cloak)
rCorr    .         Harm     .   (no gloves)
MR       .....                  F - +0 pair of boots
Stlth    ++........             m - amulet of magic regeneration
HPRegen  0.22/turn              p - ring of stealth
MPRegen  0.42/turn              U - +6 ring of protection

@: liquid flames, glowing, very slow
A: distributed training, fangs 1, horns 1, repulsion field 1, dopey 1, shaggy
fur 1, strong nose
a: Bend Time, Renounce Religion


You were on level 11 of the Dungeon.
You worshipped Cheibriados.
Cheibriados was aware of your devotion.
You were very full.

You visited 2 branches of the dungeon, and saw 13 of its levels.

You collected 346 gold pieces.

Inventory:

Hand Weapons
 a - a +1 whip of electrocution (weapon)
   (You found it on level 1 of the Dungeon)
 b - a +2 war axe of venom
   (You took it off an orc on level 3 of the Dungeon)
 e - a +0 short sword
 g - a +0 dagger
 h - a +0 hunting sling
 n - a cursed +2 long sword of freezing
   (You took it off a wight on level 7 of the Dungeon)
 s - a +0 broad axe of freezing
   (You found it on level 10 of the Dungeon)
 t - a +3 scimitar
Missiles
 i - 89 arrows
 w - 3 tomahawks (quivered)
Armour
 f - a +0 robe
 B - the +3 leather armour of Ikaimaqut (worn) {Str+5 Int-5 Dex+3}
   (You found it on level 10 of the Dungeon)

   It affects your strength (+5).
   It affects your intelligence (-5).
   It affects your dexterity (+3).
 E - a +9 plate armour of ponderousness
   (You found it on level 10 of the Dungeon)
 F - a +0 pair of boots (worn)
Magical Staves
 G - an uncursed staff of power {!a}
   (You found it on level 10 of the Dungeon)
Jewellery
 k - an uncursed ring of poison resistance
   (You found it on level 2 of the Dungeon)
 m - an amulet of magic regeneration (around neck)
   (You found it on level 2 of the Dungeon)
 p - a ring of stealth (left hand)
   (You found it on level 1 of the Dungeon)
 U - a +6 ring of protection (right hand)
   (You found it on level 2 of the Dungeon)
Wands
 c - a wand of disintegration (2)
 z - a wand of flame (18)
Scrolls
 o - a scroll of magic mapping
 r - 2 scrolls of remove curse
 u - 2 scrolls of enchant weapon
 y - a scroll of noise {unknown}
 A - 2 scrolls of random uselessness {unknown}
 C - a scroll of fear {unknown}
 I - a scroll of blinking {unknown}
Potions
 x - a potion of haste
 J - a potion of flight
Books
 v - a book of Maledictions
   (You found it on level 10 of the Dungeon)

   Spells                             Type                      Level
   a - Corona                         Hexes                        1
   b - Ensorcelled Hibernation        Hexes/Ice                    2
   c - Confuse                        Hexes                        3
   d - Tukima's Dance                 Hexes                        3
   e - Dazzling Spray                 Conjuration/Hexes            3
Miscellaneous
 l - a lightning rod (3/4)
 D - a phantom mirror
 H - a sack of spiders
Comestibles
 d - 5 rations


   Skills:
 + Level 5.8 Fighting
 + Level 5.2 Short Blades
 + Level 5.2 Long Blades
 + Level 5.2 Axes
 + Level 5.2 Maces & Flails
 + Level 5.2 Polearms
 + Level 5.2 Staves
 + Level 5.2 Slings
 + Level 5.2 Bows
 + Level 5.2 Crossbows
 + Level 5.2 Throwing
 + Level 5.2 Armour
 + Level 7.0 Dodging
 + Level 5.2 Stealth
 + Level 5.2 Shields
 + Level 8.4 Unarmed Combat
 + Level 7.3 Spellcasting
 + Level 4.2 Conjurations
 + Level 4.2 Hexes
 + Level 4.2 Charms
 + Level 4.2 Summonings
 + Level 4.2 Necromancy
 + Level 4.2 Translocations
 + Level 5.8 Transmutations
 + Level 4.2 Fire Magic
 + Level 4.2 Ice Magic
 + Level 4.2 Air Magic
 + Level 4.2 Earth Magic
 + Level 4.2 Poison Magic
 + Level 5.7 Invocations
 + Level 5.2 Evocations


You had 14 spell levels left.
You knew the following spells:

 Your Spells              Type           Power        Failure   Level  Hunger
c - Confuse               Hex            ###.....     8%          3    ##.....
e - Beastly Appendage     Tmut           ###...       1%          1    None
k - Sticks to Snakes      Tmut           ###.....     1%          2    None
p - Spider Form           Tmut/Pois      ###.......   5%          3    ##.....


Dungeon Overview and Level Annotations

Branches:
Dungeon (12/15)            Temple (1/1) D:7
   Lair: D:8-11         Orc: D:9-12

Altars:
Cheibriados
Dithmenos
Fedhas
Nemelex Xobeh
Yredelemnul
Zin

Annotations:
D:11 exclusion: 3 killer bees


Innate Abilities, Weirdness & Mutations

Your experience applies equally to all skills.
You have very sharp teeth.
Your uncanny sense of smell can sniff out nearby items.
You have a pair of small horns on your head.
You are surrounded by a mild repulsion field. (EV +2)
You are dopey. (Int -2)
You are covered in fur. (AC +1)


Message History

Tidbits's ghost casts a spell.
The iron imp misses you.
You miss tidbits's ghost. Your headbutt misses tidbits's ghost.
Tidbits's ghost is severely damaged.
Tidbits's ghost barely misses you. The iron imp barely misses you.
You hit tidbits's ghost. Your headbutt misses tidbits's ghost.
Tidbits's ghost is severely damaged.
You miss tidbits's ghost.
Tidbits's ghost is severely damaged.
The iron imp closely misses you.
Tidbits's ghost hits you but does no damage.
You hit tidbits's ghost. Your bite misses tidbits's ghost.
Tidbits's ghost is severely damaged.
The iron imp closely misses you.
Tidbits's ghost hits you but does no damage.
You miss tidbits's ghost. Your headbutt misses tidbits's ghost.
Your bite misses tidbits's ghost.
Tidbits's ghost is severely damaged.
The iron imp hits you!
* * * LOW HITPOINT WARNING * * *
You miss tidbits's ghost. You headbutt tidbits's ghost.
Tidbits's ghost is severely damaged.
Tidbits's ghost closely misses you.
You hit tidbits's ghost. Your headbutt misses tidbits's ghost.
Tidbits's ghost is severely damaged.
The iron imp hits you.
* * * LOW HITPOINT WARNING * * *
You miss tidbits's ghost. Your headbutt misses tidbits's ghost.
Tidbits's ghost is severely damaged.
Tidbits's ghost is no longer moving slowly.
Tidbits's ghost hits you!
* * * LOW HITPOINT WARNING * * *
The iron imp hits you but does no damage.
The flow of time bends around you.
Cheibriados rebukes tidbits's ghost.
Tidbits's ghost seems to slow down.
Cheibriados rebukes the iron imp.
The iron imp seems to slow down.
You feel slightly less full.
The crimson imp summons a swarm of flies.
You hit tidbits's ghost but do no damage.
Lightning courses through tidbits's ghost!
Your headbutt misses tidbits's ghost. Your bite misses tidbits's ghost.
Tidbits's ghost is almost destroyed.
Tidbits's ghost is no longer covered in acid.
Tidbits's ghost closely misses you. The iron imp misses you.
You miss tidbits's ghost. Your bite misses tidbits's ghost.
Tidbits's ghost is almost destroyed.
You completely miss tidbits's ghost. Your punch misses tidbits's ghost.
Tidbits's ghost is almost destroyed.
Tidbits's ghost hits you but does no damage.
The iron imp hits you but does no damage.
You hit tidbits's ghost.
Tidbits's ghost is almost destroyed.
All of the chunks of flesh in your inventory have rotted away.
You miss tidbits's ghost. Your headbutt misses tidbits's ghost.
Tidbits's ghost is almost destroyed.
Tidbits's ghost sprays you with burning goo.
The sticky flame hits you!
You are covered in liquid flames!
* * * LOW HITPOINT WARNING * * *
The iron imp closely misses you.
You completely miss tidbits's ghost.
Tidbits's ghost is almost destroyed.
You are covered in liquid flames!
* * * LOW HITPOINT WARNING * * *
Okay, then.
You miss tidbits's ghost. Your headbutt misses tidbits's ghost.
You punch tidbits's ghost.
Tidbits's ghost is almost destroyed.
You are covered in liquid flames!
* * * LOW HITPOINT WARNING * * *
Tidbits's ghost is no longer moving slowly.
The crimson imp grins evilly.
The crimson imp blinks!
Tidbits's ghost gestures wildly while chanting.
The iron imp closely misses you.
You miss tidbits's ghost. Your headbutt misses tidbits's ghost.
You bite tidbits's ghost, but do no damage.
Tidbits's ghost is almost destroyed.
You are covered in liquid flames!
* * * LOW HITPOINT WARNING * * *
Tidbits's ghost closely misses you.
Okay, then.
Evoke which item? (* to show all) (? for menu, Esc to quit)
Aiming: Thunderbolt
Press: ? - help, Shift-Dir - straight line, f/p - tidbits's ghost
Aim: tidbits's ghost, wielding a weapon of protection (almost destroyed)
The thunderbolt hits tidbits's ghost.
You destroy tidbits's ghost!
Cheibriados appreciates the change of pace.
The crimson imp disappears in a puff of smoke! x2
The rat disappears in a puff of smoke!
The iron imp disappears in a puff of smoke!
Your Dodging skill increases to level 7!
You are covered in liquid flames!
* * * LOW HITPOINT WARNING * * *
You hear a shout! x2
Unknown command.
You are covered in liquid flames!
You die...

### ##.# ..# #.. .
#.# #.# .## ##>##
##.# . .. #...#
#..# ..###. #...#
#[## ....##...#
#§# ...#.<.# #>#
## #.##.####@# .#
#......##§# #...
#.##.#..#.#
..y..###..#.##.§§#
.#y#...##.#.####.#
.#y..y..#...# #.§#
.## #...##.# #...#
..# #.#.##.# #.#.#
#.# # ..##.# #.#.#


There were no monsters in sight!

Vanquished Creatures
  2 two-headed ogres (D:10)
  The ghost of tidbits the Summoner, a novice GnSu of Cheibriados (D:11)
  A manticore (D:10)
  Maurice (D:8)
  A troll (D:10)
  2 hippogriffs (D:10)
  3 yaks
  An acid dragon (D:10)
  An orc warrior (D:6)
  An ice beast (D:6)
  A phantom (D:10)
  2 ogres
  2 centaurs
  2 bullfrogs
  4 wights (D:7)
  A crimson imp (D:10)
  A bullfrog zombie (D:10)
  A hound (D:6)
  A jelly (D:10)
  2 orc priests (D:6)
  4 orc wizards
  2 worker ants (D:10)
  A hound skeleton (D:9)
  A worker ant zombie (D:6)
  2 gnolls (D:7)
  An ooze (D:2)
  An adder zombie (D:10)
  3 leopard geckos
  15 orcs
  2 giant cockroaches
  3 hobgoblins
  4 bats
  3 frilled lizards (D:1)
  4 goblins
  5 kobolds
  5 rats
87 creatures vanquished.

Vanquished Creatures (collateral kills)
  An orc wizard (D:6)
  2 worker ants (D:7)
  A gnoll (D:7)
  A dart slug (D:3)
  3 orcs (D:7)
8 creatures vanquished.

Vanquished Creatures (others)
  13 toadstools (D:10)
13 creatures vanquished.

Grand Total: 108 creatures vanquished

Notes
Turn   | Place    | Note
-------+----------+-------------------------------------------
     0 | D:1      | tidbits the Gnoll Transmuter began the quest for the Orb.
     0 | D:1      | Reached XP level 1. HP: 17/17 MP: 6/6
    94 | D:1      | Reached XP level 2. HP: 21/23 MP: 5/7
   103 | D:1      | Learned a level 2 spell: Sticks to Snakes
   353 | D:1      | Reached XP level 3. HP: 28/28 MP: 7/9
   451 | D:3      | Reached skill level 5 in Spellcasting
   515 | D:3      | Reached skill level 1 in Invocations
   636 | D:5      | Entered Level 5 of the Dungeon
   706 | D:6      | Reached skill level 1 in Short Blades
   706 | D:6      | Reached skill level 1 in Long Blades
   706 | D:6      | Reached skill level 1 in Axes
   706 | D:6      | Reached skill level 1 in Maces & Flails
   706 | D:6      | Reached skill level 1 in Polearms
   706 | D:6      | Reached skill level 1 in Staves
   706 | D:6      | Reached skill level 1 in Slings
   706 | D:6      | Reached skill level 1 in Bows
   706 | D:6      | Reached skill level 1 in Crossbows
   706 | D:6      | Reached skill level 1 in Throwing
   706 | D:6      | Reached skill level 1 in Armour
   706 | D:6      | Reached skill level 1 in Stealth
   706 | D:6      | Reached skill level 1 in Shields
   706 | D:6      | Reached skill level 1 in Evocations
   706 | D:6      | Reached XP level 4. HP: 34/34 MP: 8/11
   711 | D:6      | Learned a level 3 spell: Spider Form
   747 | D:6      | Reached skill level 1 in Conjurations
   747 | D:6      | Reached skill level 1 in Hexes
   747 | D:6      | Reached skill level 1 in Charms
   747 | D:6      | Reached skill level 1 in Summonings
   747 | D:6      | Reached skill level 1 in Necromancy
   747 | D:6      | Reached skill level 1 in Translocations
   747 | D:6      | Reached skill level 1 in Fire Magic
   747 | D:6      | Reached skill level 1 in Ice Magic
   747 | D:6      | Reached skill level 1 in Air Magic
   747 | D:6      | Reached skill level 1 in Earth Magic
   747 | D:6      | Reached skill level 1 in Poison Magic
   805 | D:6      | Reached XP level 5. HP: 35/40 MP: 12/12
   806 | D:6      | Reached skill level 3 in Fighting
   808 | D:6      | Noticed an ice beast
   809 | D:6      | Reached skill level 4 in Transmutations
   814 | D:6      | Killed an ice beast
   814 | D:6      | Reached skill level 2 in Invocations
   814 | D:6      | Reached XP level 6. HP: 43/47 MP: 11/13
   842 | D:6      | Noticed an orc warrior
   843 | D:6      | Reached skill level 2 in Short Blades
   843 | D:6      | Reached skill level 2 in Long Blades
   843 | D:6      | Reached skill level 2 in Axes
   843 | D:6      | Reached skill level 2 in Maces & Flails
   843 | D:6      | Reached skill level 2 in Polearms
   843 | D:6      | Reached skill level 2 in Staves
   843 | D:6      | Reached skill level 2 in Slings
   843 | D:6      | Reached skill level 2 in Bows
   843 | D:6      | Reached skill level 2 in Crossbows
   843 | D:6      | Reached skill level 2 in Throwing
   843 | D:6      | Reached skill level 2 in Armour
   843 | D:6      | Reached skill level 5 in Dodging
   843 | D:6      | Reached skill level 2 in Stealth
   843 | D:6      | Reached skill level 2 in Shields
   843 | D:6      | Reached skill level 2 in Evocations
   861 | D:6      | Killed an orc warrior
   861 | D:6      | Reached XP level 7. HP: 28/52 MP: 15/15
   870 | D:6      | Found a glowing silver altar of Zin.
  1006 | D:7      | Reached skill level 7 in Unarmed Combat
  1015 | D:7      | Reached skill level 2 in Conjurations
  1015 | D:7      | Reached skill level 2 in Hexes
  1015 | D:7      | Reached skill level 2 in Charms
  1015 | D:7      | Reached skill level 2 in Summonings
  1015 | D:7      | Reached skill level 2 in Necromancy
  1015 | D:7      | Reached skill level 2 in Translocations
  1015 | D:7      | Reached skill level 2 in Fire Magic
  1015 | D:7      | Reached skill level 2 in Ice Magic
  1015 | D:7      | Reached skill level 2 in Air Magic
  1015 | D:7      | Reached skill level 2 in Earth Magic
  1015 | D:7      | Reached skill level 2 in Poison Magic
  1041 | D:7      | Found a staircase to the Ecumenical Temple.
  1050 | Temple   | Entered the Ecumenical Temple
  1054 | Temple   | Became a worshipper of Cheibriados the Contemplative
  1120 | D:7      | Reached skill level 3 in Invocations
  1256 | D:8      | Noticed Maurice
  1270 | D:8      | Killed Maurice
  1270 | D:8      | Reached skill level 4 in Fighting
  1270 | D:8      | Reached skill level 3 in Short Blades
  1270 | D:8      | Reached skill level 3 in Long Blades
  1270 | D:8      | Reached skill level 3 in Axes
  1270 | D:8      | Reached skill level 3 in Maces & Flails
  1270 | D:8      | Reached skill level 3 in Polearms
  1270 | D:8      | Reached skill level 3 in Staves
  1270 | D:8      | Reached skill level 3 in Slings
  1270 | D:8      | Reached skill level 3 in Bows
  1270 | D:8      | Reached skill level 3 in Crossbows
  1270 | D:8      | Reached skill level 3 in Throwing
  1270 | D:8      | Reached skill level 3 in Armour
  1270 | D:8      | Reached skill level 3 in Stealth
  1270 | D:8      | Reached skill level 3 in Shields
  1270 | D:8      | Reached skill level 3 in Evocations
  1270 | D:8      | Reached XP level 8. HP: 52/60 MP: 16/16
  1338 | D:10     | Entered Level 10 of the Dungeon
  1403 | D:9      | Reached skill level 6 in Spellcasting
  1432 | D:10     | Noticed a hippogriff
  1433 | D:10     | Reached * piety under Cheibriados
  1441 | D:10     | Killed a hippogriff
  1504 | D:10     | Noticed a hippogriff
  1513 | D:10     | Killed a hippogriff
  1521 | D:10     | Noticed a manticore
  1543 | D:10     | HP: 3/61 [manticore (7)]
  1544 | D:10     | Killed a manticore
  1544 | D:10     | Reached skill level 6 in Dodging
  1544 | D:10     | Reached skill level 3 in Conjurations
  1544 | D:10     | Reached skill level 3 in Hexes
  1544 | D:10     | Reached skill level 3 in Charms
  1544 | D:10     | Reached skill level 3 in Summonings
  1544 | D:10     | Reached skill level 3 in Necromancy
  1544 | D:10     | Reached skill level 3 in Translocations
  1544 | D:10     | Reached skill level 5 in Transmutations
  1544 | D:10     | Reached skill level 3 in Fire Magic
  1544 | D:10     | Reached skill level 3 in Ice Magic
  1544 | D:10     | Reached skill level 3 in Air Magic
  1544 | D:10     | Reached skill level 3 in Earth Magic
  1544 | D:10     | Reached skill level 3 in Poison Magic
  1544 | D:10     | Reached skill level 4 in Invocations
  1544 | D:10     | Reached XP level 9. HP: 4/66 MP: 12/18
  1548 | D:10     | HP: 4/66 [poisoned by a worker ant]
  1554 | D:10     | Gained mutation: Your flesh is cold resistant. (rC+) [potion of mutation]
  1554 | D:10     | Gained mutation: You are frail. (-10% HP) [potion of mutation]
  1554 | D:10     | Gained mutation: You have large cloven feet. [potion of mutation]
  1555 | D:10     | Lost mutation: You have large cloven feet. [potion of mutation]
  1555 | D:10     | Lost mutation: You are frail. (-10% HP) [potion of mutation]
  1555 | D:10     | Lost mutation: Your flesh is cold resistant. (rC+) [potion of mutation]
  1555 | D:10     | Gained mutation: You are covered in fur. (AC +1) [potion of mutation]
  1555 | D:10     | Gained mutation: You have a pair of small horns on your head. [potion of mutation]
  1555 | D:10     | Gained mutation: You are dopey. (Int -2) [potion of mutation]
  1555 | D:10     | Gained mutation: You are surrounded by a mild repulsion field. (EV +2) [potion of mutation]
  1586 | D:10     | Learned a level 3 spell: Confuse
  1618 | D:10     | Reached skill level 4 in Short Blades
  1618 | D:10     | Reached skill level 4 in Long Blades
  1618 | D:10     | Reached skill level 4 in Axes
  1618 | D:10     | Reached skill level 4 in Maces & Flails
  1618 | D:10     | Reached skill level 4 in Polearms
  1618 | D:10     | Reached skill level 4 in Staves
  1618 | D:10     | Reached skill level 4 in Slings
  1618 | D:10     | Reached skill level 4 in Bows
  1618 | D:10     | Reached skill level 4 in Crossbows
  1618 | D:10     | Reached skill level 4 in Throwing
  1618 | D:10     | Reached skill level 4 in Armour
  1618 | D:10     | Reached skill level 4 in Stealth
  1618 | D:10     | Reached skill level 4 in Shields
  1618 | D:10     | Reached skill level 4 in Evocations
  1636 | D:10     | Found a blossoming altar of Fedhas.
  1677 | D:10     | Noticed a two-headed ogre
  1678 | D:10     | Noticed a two-headed ogre
  1683 | D:10     | Noticed a troll
  1693 | D:10     | Killed a two-headed ogre
  1693 | D:10     | Reached skill level 5 in Fighting
  1702 | D:10     | Killed a two-headed ogre
  1702 | D:10     | Reached skill level 8 in Unarmed Combat
  1702 | D:10     | Reached skill level 5 in Invocations
  1704 | D:10     | HP: 4/68 [centaur/arrow (11)]
  1705 | D:10     | Reached skill level 7 in Spellcasting
  1705 | D:10     | Reached XP level 10. HP: 5/74 MP: 13/20
  1717 | D:10     | Reached skill level 4 in Conjurations
  1717 | D:10     | Reached skill level 4 in Hexes
  1717 | D:10     | Reached skill level 4 in Charms
  1717 | D:10     | Reached skill level 4 in Summonings
  1717 | D:10     | Reached skill level 4 in Necromancy
  1717 | D:10     | Reached skill level 4 in Translocations
  1717 | D:10     | Reached skill level 4 in Fire Magic
  1717 | D:10     | Reached skill level 4 in Ice Magic
  1717 | D:10     | Reached skill level 4 in Air Magic
  1717 | D:10     | Reached skill level 4 in Earth Magic
  1717 | D:10     | Reached skill level 4 in Poison Magic
  1733 | D:10     | Got a fine leather armour
  1774 | D:10     | Identified the +3 leather armour of Ikaimaqut {Str+5 Int-5 Dex+3} (You found it on level 10 of the Dungeon)
  1883 | D:11     | Reached skill level 5 in Short Blades
  1883 | D:11     | Reached skill level 5 in Long Blades
  1883 | D:11     | Reached skill level 5 in Axes
  1883 | D:11     | Reached skill level 5 in Maces & Flails
  1883 | D:11     | Reached skill level 5 in Polearms
  1883 | D:11     | Reached skill level 5 in Staves
  1883 | D:11     | Reached skill level 5 in Slings
  1883 | D:11     | Reached skill level 5 in Bows
  1883 | D:11     | Reached skill level 5 in Crossbows
  1883 | D:11     | Reached skill level 5 in Throwing
  1883 | D:11     | Reached skill level 5 in Armour
  1883 | D:11     | Reached skill level 5 in Stealth
  1883 | D:11     | Reached skill level 5 in Shields
  1883 | D:11     | Reached skill level 5 in Evocations
  1884 | D:11     | Noticed tidbits's ghost (novice GnSu)
  1910 | D:11     | HP: 4/76 [burnt (6)]
  1911 | D:11     | Killed tidbits's ghost
  1911 | D:11     | Reached skill level 7 in Dodging
  1912 | D:11     | Incinerated by tidbits's ghost

Skill      XL: |  1  2  3  4  5  6  7  8  9 10 |
---------------+-------------------------------+-----
Spellcasting   | 5 6 7 |  7.3
Invocations    | 1 2 3 4 5 |  5.7
Short Blades   | 1 2 3 4 5 |  5.2
Long Blades    | 1 2 3 4 5 |  5.2
Axes           | 1 2 3 4 5 |  5.2
Maces & Flails | 1 2 3 4 5 |  5.2
Polearms       | 1 2 3 4 5 |  5.2
Staves         | 1 2 3 4 5 |  5.2
Slings         | 1 2 3 4 5 |  5.2
Bows           | 1 2 3 4 5 |  5.2
Crossbows      | 1 2 3 4 5 |  5.2
Throwing       | 1 2 3 4 5 |  5.2
Armour         | 1 2 3 4 5 |  5.2
Stealth        | 1 2 3 4 5 |  5.2
Shields        | 1 2 3 4 5 |  5.2
Evocations     | 1 2 3 4 5 |  5.2
Conjurations   | 1 2 3 4 |  4.2
Hexes          | 1 2 3 4 |  4.2
Charms         | 1 2 3 4 |  4.2
Summonings     | 1 2 3 4 |  4.2
Necromancy     | 1 2 3 4 |  4.2
Translocations | 1 2 3 4 |  4.2
Fire Magic     | 1 2 3 4 |  4.2
Ice Magic      | 1 2 3 4 |  4.2
Air Magic      | 1 2 3 4 |  4.2
Earth Magic    | 1 2 3 4 |  4.2
Poison Magic   | 1 2 3 4 |  4.2
Fighting       | 3 4 5 |  5.8
Transmutations | 4 5 |  5.8
Dodging        | 5 6 7 |  7.0
Unarmed Combat | 7 8 |  8.4

Action                   |  1- 3 |  4- 6 |  7- 9 | 10-12 || total
-------------------------+-------+-------+-------+-------++-------
Melee: Unarmed           |    29 |       |       |       ||    29
       Bite              |     7 |     5 |    10 |     4 ||    26
       Punch             |     3 |       |     4 |     2 ||     9
       Headbutt          |     6 |     5 |    10 |    10 ||    31
       Whip              |    52 |    36 |    96 |    32 ||   216
       Kick              |     1 |       |       |       ||     1
       War axe           |       |       |       |     8 ||     8
Throw: Tomahawk          |       |       |     1 |       ||     1
 Cast: Beastly Appendage |    16 |     3 |    10 |       ||    29
       Sticks to Snakes  |     2 |     5 |    16 |     2 ||    25
       Confuse           |       |       |     5 |       ||     5
Invok: Bend Time         |       |       |     2 |     2 ||     4
Evoke: Wand              |       |     3 |    27 |    13 ||    43
       Lightning rod     |       |       |       |     1 ||     1
  Use: Scroll            |       |       |     6 |       ||     6
       Potion            |       |       |     4 |     2 ||     6
 Stab: Sleeping          |     2 |       |     3 |     1 ||     6
       Distracted        |       |     1 |     2 |       ||     3
  Eat: Ration            |     2 |       |     1 |       ||     3
Armor: Robe              |    18 |    12 |    20 |     3 ||    53
       Leather armour    |       |       |       |     9 ||     9
Dodge: Dodged            |    40 |    21 |    81 |    36 ||   178

Table legend:
 A = Turns spent in this place as a percentage of turns spent in the entire game.
 B = Non-inter-level travel turns spent in this place as a percentage of non-inter-level travel turns spent in the entire game.
 C = Inter-level travel turns spent in this place as a percentage of turns spent in this place.
 D = Turns resting spent in this place as a percentage of non-inter-level travel turns spent in this place.
 E = Turns spent auto-exploring this place as a percentage of non-inter-level travel turns spent in this place.
 F = Non-inter-level travel turns spent in this place divided by the number of levels of this place that you've seen.
                   A       B       C       D       E      F
               +-------+-------+-------+-------+-------+----------------------
         Total | 100.0 | 100.0 |   1.5 |   0.0 |   0.0 | 144.8
       Dungeon |  99.5 |  99.5 |   1.5 |   0.0 |   0.0 | 156.2
        Temple |   0.5 |   0.5 |   0.0 |   0.0 |   0.0 |   9.0
               +-------+-------+-------+-------+-------+----------------------

Table legend:
 A = Kills in this place as a percentage of kills in entire the game.
 B = Kills by you in this place as a percentage of kills by you in the entire game.
 C = Kills by friends in this place as a percentage of kills by friends in the entire game.
 D = Other kills in this place as a percentage of other kills in the entire game.
 E = Experience gained in this place as a percentage of experience gained in the entire game.
 F = Experience gained in this place divided by the number of levels of this place that you have seen.
                   A       B       C       D       E      F
               +-------+-------+-------+-------+-------+----------------------
         Total | 100.0 | 100.0 | 100.0 |   N/A | 100.0 | 510.5
       Dungeon | 100.0 | 100.0 | 100.0 |   N/A | 100.0 | 553.0
               +-------+-------+-------+-------+-------+----------------------

Vault maps used:
D:1:      lightli_arrival_maybe_door_vault, st_stairs_7
D:2:      old_standard_altar, first_ration
D:3:      lemuel_round_altar, uniq_ijyb, uniq_grinder
D:4:      kennysheep_pointless_box, hangedman_decor_growths, minivault_27,
          minmay_misc_feat_room
D:5:      nicolae_overflow_hidden_temple
D:6:      dancing_weapons_uskayaw, zin_scriptorium,
          gammafunk_temple_overflow_statue, corner_web_ring
D:7:      minmay_temple_entry_purple_smoke, serial_shops, shop, grunt_ogre_cave,
          grunt_ministairs_15
D:8:      lemuel_doored_altar, uniq_erica, uniq_maurice
D:9:      lair_entry_dummy
D:10:     minmay_the_grid_triangle_9x9_recursive_2, orc_0_dummy, tgw_fedhas
D:12:     minivault_7, uniq_urug
Temple:   zaba_magenta_temple
